 Dungeon Crawl Stone Soup version 0.30-a0-457-g4b7bca3bfa (webtiles) character file.

Game seed: 6554023919459241434

71 dixiedixie the Grasshopper (level 4, -1/38 HPs)
             Began as a Gnoll Warper on Dec 13, 2022.
             Killed from afar by Natasha (16 damage)
             ... with a bolt of light
             ... on level 2 of the Dungeon.
             The game lasted 00:03:55 (1680 turns).

dixiedixie the Grasshopper (Gnoll Warper)           Turns: 1680, Time: 00:03:56

Health: -1/38      AC:  5    Str: 10    XL:     4   Next: 24%
Magic:  11/11      EV: 11    Int: 14    God:
Gold:   17         SH:  0    Dex: 12    Spells: 11/13 levels left

rFire   . . .      SeeInvis .    a - +0 falchion
rCold   . . .      Faith    .    (no shield)
rNeg    . . .      Spirit   .    l - +0 ring mail
rPois   .          Reflect  .    (no helmet)
rElec   .          Harm     .    (no cloak)
rCorr   .          Rampage  .    (no gloves)
Will    .....                    (no boots)
Stlth   ..........               (no amulet)
HPRegen 0.26/turn                (no ring)
MPRegen 0.12/turn                (no ring)

@: confused
A: fangs 1, strong nose, distributed training
a: no special abilities


You were on level 2 of the Dungeon.
You visited 1 branch of the dungeon, and saw 2 of its levels.

You collected 17 gold pieces.

Inventory:

Hand Weapons
 a - a +0 falchion (weapon)
Missiles
 d - 7 boomerangs of dispersal (quivered)
 k - 23 stones
Armour
 b - a +0 leather armour
 l - a +0 ring mail (worn)
Jewellery
 f - an amulet of guardian spirit
Scrolls
 c - a scroll of blinking
 e - a scroll of fog {unknown}
 g - 2 scrolls of teleportation {unknown}
 m - a scroll of silence {unknown}
 o - a scroll of enchant armour {unknown}
Potions
 h - a potion of cancellation {unknown}
 i - 2 potions of degeneration {unknown}
 j - a potion of brilliance {unknown}
 n - a potion of curing {unknown}
 p - 2 potions of resistance {unknown}
 q - a potion of might {unknown}


   Skills:
 + Level 4.6 Fighting
 + Level 1.1 Short Blades
 + Level 4.6 Long Blades
 + Level 1.1 Axes
 + Level 1.1 Maces & Flails
 + Level 1.1 Polearms
 + Level 1.1 Staves
 + Level 1.1 Ranged Weapons
 + Level 2.7 Throwing
 + Level 2.7 Armour
 + Level 4.6 Dodging
 + Level 1.1 Stealth
 + Level 1.1 Shields
 + Level 1.1 Unarmed Combat
 + Level 5.1 Spellcasting
 + Level 0.9 Conjurations
 + Level 0.9 Hexes
 + Level 0.9 Summonings
 + Level 0.9 Necromancy
 + Level 5.4 Translocations
 + Level 0.9 Transmutations
 + Level 0.9 Fire Magic
 + Level 0.9 Ice Magic
 + Level 0.9 Air Magic
 + Level 0.9 Earth Magic
 + Level 0.9 Poison Magic
 + Level 1.2 Invocations
 + Level 1.1 Evocations


You had 11 spell levels left.
You knew the following spells:

 Your Spells              Type           Power      Damage    Failure   Level
a - Blink                 Tloc           36%        N/A       7%          2

Your spell library contained the following spells:

 Spells                   Type           Power      Damage    Failure   Level
 Lesser Beckoning         Tloc           36%        N/A       13%         3
 Teleport Other           Tloc           18%        N/A       13%         3
 Portal Projectile        Hex/Tloc       24%        N/A       34%         3
 Vhi's Electric Charge    Tloc/Air       24%        N/A       34%         3
 Ensorcelled Hibernation  Hex/Ice        12%        N/A       41%         2
 Manifold Assault         Tloc           18%        N/A       41%         4
 Call Canine Familiar     Summ           6%         N/A       65%         3
 Cause Fear               Hex            3%         N/A       96%         4
 Leda's Liquefaction      Hex/Erth       3%         N/A       96%         4
 Dragon Form              Tmut           3%         N/A       100%        7
 Dragon's Call            Summ           3%         N/A       100%        9


Dungeon Overview and Level Annotations

Branches:
Dungeon (2/15)

Altars:

Annotations:
D:1 2 transporters
D:2 Natasha


Innate Abilities, Weirdness & Mutations

You have very sharp teeth.
Your uncanny sense of smell can sniff out nearby items.
Your experience applies equally to all skills.


Message History

The jackal bites you but does no damage.
You closely miss the jackal. The jackal barely misses you.
You hit the jackal. You bite the jackal, but do no damage.
The jackal is almost dead.
The jackal bites you. The jackal closely misses you.
You closely miss the jackal. You bite the jackal, but do no damage.
The jackal is almost dead.
The jackal barely misses you. The jackal misses you.
You hit the jackal.
You kill the jackal!
Things that are here:
a jackal corpse; a jackal corpse; a jackal corpse
Found a stone staircase leading down.
q - a sedimented blue potion
Found a stone staircase leading up.
Natasha, Servant of Life and Death comes into view.
She is carrying a wand of light (9).
Natasha hisses angrily.
You hit Natasha but do no damage. Your punch misses Natasha.
Natasha drinks a potion.
Natasha seems to speed up.
You hit Natasha. You bite Natasha, but do no damage.
Natasha is lightly wounded.
Natasha zaps a wand.
The bolt of light hits you!!
Ouch! That really hurt!
Natasha barely misses you.
Sorry, you're not good enough to have a special ability.
Casting: Blink (safe; 7% risk of failure)
Confirm with . or Enter, or press ? or * to list all spells.
Okay, then.
You closely miss Natasha.
Natasha is lightly wounded.
Natasha hisses.
Natasha claws you.
Natasha mumbles some strange words.
Natasha glows brightly for a moment.
Natasha barely misses you.
You hit Natasha.
Natasha is lightly wounded.
Natasha zaps a wand.
The bolt of light hits you!
You are confused.
You die...

##
#...........#####.###.
..
......................
##
#..........#####......
######## #########.##
#...... ........
########.######......
.####
.....................
<...#####
########.####..#...).
..#.#...#
#.....#....#..#..#.#
#.......#
#..@#.#.##.#..#..#.#
........#
###h#.#...<#.....#.#
####....#
#......#.#..#.#....##.#
####....#
#####..#.##...........#
........#
...#........#.#####
........#
##.########....<....
........# #. ........##
........####
############.###.#
.....##....#
#...........###.##


You could see Natasha (fast).

Vanquished Creatures
  3 adders (D:2)
  A dart slug (D:1)
  2 ball pythons (D:1)
  7 bats
  2 endoplasms
  A giant cockroach (D:2)
  4 goblins
  3 hobgoblins (D:1)
  4 jackals (D:2)
  3 quokkas
  5 kobolds
  5 rats
40 creatures vanquished.

Notes
Turn   | Place    | Note
-------+----------+-------------------------------------------
     0 | D:1      | dixiedixie the Gnoll Warper began the quest for the Orb.
     0 | D:1      | Reached XP level 1. HP: 20/20 MP: 6/6
    82 | D:1      | Got the Directory of Maledictive Direction
   233 | D:1      | Reached XP level 2. HP: 24/26 MP: 7/7
   428 | D:1      | Learned a level 2 spell: Blink
   688 | D:1      | Reached skill level 5 in Spellcasting
   688 | D:1      | Reached XP level 3. HP: 31/31 MP: 7/9
  1171 | D:2      | Reached skill level 1 in Invocations
  1377 | D:2      | Reached skill level 1 in Short Blades
  1377 | D:2      | Reached skill level 1 in Axes
  1377 | D:2      | Reached skill level 1 in Maces & Flails
  1377 | D:2      | Reached skill level 1 in Polearms
  1377 | D:2      | Reached skill level 1 in Staves
  1377 | D:2      | Reached skill level 1 in Ranged Weapons
  1377 | D:2      | Reached skill level 1 in Stealth
  1377 | D:2      | Reached skill level 1 in Shields
  1377 | D:2      | Reached skill level 1 in Unarmed Combat
  1377 | D:2      | Reached skill level 1 in Evocations
  1496 | D:2      | Reached XP level 4. HP: 18/38 MP: 11/11
  1675 | D:2      | Noticed Natasha
  1680 | D:2      | Killed from afar by Natasha

Illustrated notes

Levels and vault maps discovered:
D:1:      spicycebolla_arrival_transporter_tutorial, layout_loops_corners,
          reono_crystal_passage
D:2:      layout_basic, uniq_natasha

Skill      XL: |  1  2  3 |
---------------+----------+-----
Spellcasting   | 5 |  5.1
Invocations    | 1 |  1.2
Short Blades   | 1 |  1.1
Axes           | 1 |  1.1
Maces & Flails | 1 |  1.1
Polearms       | 1 |  1.1
Staves         | 1 |  1.1
Ranged Weapons | 1 |  1.1
Stealth        | 1 |  1.1
Shields        | 1 |  1.1
Unarmed Combat | 1 |  1.1
Evocations     | 1 |  1.1
Fighting       | |  4.6
Long Blades    | |  4.6
Throwing       | |  2.7
Armour         | |  2.7
Dodging        | |  4.6
Conjurations   | |  0.9
Hexes          | |  0.9
Summonings     | |  0.9
Necromancy     | |  0.9
Translocations | |  5.4
Transmutations | |  0.9
Fire Magic     | |  0.9
Ice Magic      | |  0.9
Air Magic      | |  0.9
Earth Magic    | |  0.9
Poison Magic   | |  0.9

Action                   |  1- 3 |  4- 6 || total
-------------------------+-------+-------++-------
Melee: Falchion          |   126 |    23 ||   149
       Punch             |     1 |       ||     1
       Bite              |     5 |     5 ||    10
Throw: Stone             |     4 |       ||     4
Armor: Leather armour    |    17 |       ||    17
       Ring mail         |    39 |    12 ||    51
Dodge: Dodged            |   103 |    18 ||   121

Table legend: (Time is in decaauts)
 A = Elapsed time spent in this place.
 B = Non-inter-level travel time spent in this place.
 C = Inter-level travel time spent in this place.
 D = Time resting spent in this place.
 E = Time spent auto-exploring this place.
 F = Levels seen in this place.
 G = Mean time per level.
                   A        B        C        D        E       F      G
               +--------+--------+--------+--------+--------+-----+--------+
         Total |   1692 |   1633 |     59 |    201 |   1069 |   2 |  846.0 |
       Dungeon |   1692 |   1633 |     59 |    201 |   1069 |   2 |  846.0 |
               +--------+--------+--------+--------+--------+-----+--------+

Top non-repeatable levels by time:
     D:1: 1060 daAuts
     D:2: 631 daAuts
